 Dungeon Crawl Stone Soup version 0.30-b1-2-g02819fbbbe (webtiles) character file.

Game seed: 4576657411021099217

2116 Fartwhistle the Changer (level 9, -2/71 HPs)
             Began as a Purple Draconian Transmuter on June 6, 2023.
             Was a Follower of Cheibriados.
             Slain by a steam dragon (4 damage)
             ... on level 7 of the Dungeon.
             The game lasted 00:16:15 (6102 turns).

Fartwhistle the Changer (DrTm)                      Turns: 6102, Time: 00:16:15

Health: -2/71      AC:  7    Str: 15    XL:     9   Next: 8%
Magic:  6/17       EV: 11    Int: 22    God:    Cheibriados [*.....]
Gold:   365        SH:  9    Dex: 14    Spells: 6/19 levels left

rFire   . .          .
                       - Unarmed
rCold   + . .        l - +0 buckler
rNeg    . . .        (body armour unavailable)
rPois   .            (helmet restricted)
rElec   .            (no cloak)
rCorr   .            (no gloves)
SInv    .            (no boots)
Will    +....        g - amulet of reflection
Stlth   +            i - ring of protection from cold
HPRegen 0.31/turn    (no ring)
MPRegen 0.15/turn

%: reflection
@: very slow
A: breathe power, AC +7, unfitting armour, cold-blooded
a: Breathe Dispelling Energy, Renounce Religion, Bend Time


You were on level 7 of the Dungeon.
You worshipped Cheibriados.
Cheibriados was aware of your devotion.
You visited 2 branches of the dungeon, and saw 8 of its levels.

You collected 365 gold pieces.

Inventory:

Missiles
 m - 3 curare-tipped darts
Armour
 l - a +0 buckler (worn)
Jewellery
 g - an amulet of reflection (around neck)
 i - a ring of protection from cold (left hand)
Wands
 b - a wand of charming (5)
 k - a wand of roots (11)
Scrolls
 c - 2 scrolls of enchant weapon
 f - a scroll of magic mapping {unknown}
 h - 3 scrolls of teleportation {unknown}
 j - a scroll of blinking {unknown}
 n - 3 scrolls of vulnerability
 o - a scroll of amnesia
 r - a scroll of acquirement {unknown}
 s - a scroll of enchant armour
Potions
 a - a potion of invisibility
 d - a potion of magic
 e - 2 potions of curing


   Skills:
 - Level 4.2 Fighting
 - Level 1.7 Dodging
 - Level 2.0 Shields
 + Level 5.1 Unarmed Combat
 - Level 5.9 Spellcasting
 - Level 7.4 Transmutations
 - Level 2.0 Ice Magic
 + Level 2.3 Poison Magic
 + Level 4.1 Invocations


You had 6 spell levels left.
You knew the following spells:

 Your Spells              Type           Power      Damage    Failure   Level
a - Beastly Appendage     Tmut           78%        N/A       1%          1
b - Wereblood             Tmut           39%        N/A       1%          2
c - Spider Form           Tmut/Pois      28%        N/A       4%          3
d - Ice Form              Ice/Tmut       27%        N/A       17%         4
e - Mephitic Cloud        Conj/Pois/Air  9%         N/A       26%         3

Your spell library contained the following spells:

 Spells                   Type           Power      Damage    Failure   Level
 Magic Dart               Conj           24%        1d4       12%         1
 Blink                    Tloc           12%        N/A       19%         2
 Call Imp                 Summ           12%        N/A       19%         2
 Lesser Beckoning         Tloc           12%        N/A       19%         2
 Momentum Strike          Conj/Tloc      12%        3d8       19%         2
 Hailstorm                Conj/Ice       10%        3d5       24%         3
 Manifold Assault         Tloc           6%         N/A       77%         4
 Simulacrum               Ice/Necr       5%         N/A       100%        6
 Storm Form               Tmut/Air       11%        N/A       100%        7


Dungeon Overview and Level Annotations

Branches:
Dungeon (7/15)             Temple (1/1) D:5

Altars:
Ashenzari
Cheibriados
Dithmenos
Elyvilon
Fedhas
Gozag
Hepliaklqana
Kikubaaqudgha
Makhleb
Nemelex Xobeh
Okawaru
Qazlal
Ru
Sif Muna
Trog
Uskayaw
Vehumet
Xom
Yredelemnul
Zin
The Shining One

Annotations:
D:2 Sigmund


Innate Abilities, Weirdness & Mutations

You can breathe bolts of dispelling energy.
Your rich purple scales are hard. (AC +7)
You cannot fit into any form of body armour.
You are cold-blooded and may be slowed by cold attacks.


Message History

The steam dragon seems less confused.
You see here a +0 flail.
Casting: Ice Form (dangerous; 13% risk of failure)
Confirm with . or Enter, or press ? or * to list all spells.
You extend your transformation's duration.
Casting: Ice Form (dangerous; 13% risk of failure)
Confirm with . or Enter, or press ? or * to list all spells.
Okay, then.
Casting: Ice Form (dangerous; 13% risk of failure)
Confirm with . or Enter, or press ? or * to list all spells.
Aiming: Mephitic Cloud (dangerous; 21% risk of failure)
Press: ? - help, Shift-Dir - straight line, f - steam dragon
Aim: a steam dragon (chance to affect: 81%)
You miscast Mephitic Cloud.
You are very lightly contaminated with residual magic.
Nothing appears to happen.
The steam dragon breathes steam at you. The ball of steam hits you!!
The steam scalds you terribly!
* * * LOW HITPOINT WARNING * * *
Okay, then.
Okay, then.
It was a potion of cancellation.
Your magical effects are unravelling.
You feel magically purged.
Your magical contamination has completely faded away.
You warm up again.
Your +0 buckler unmelds from your body.
Casting: Mephitic Cloud (dangerous; 26% risk of failure)
Confirm with . or Enter, or press ? or * to list all spells.
Okay, then.
You feel better. The steam dragon breathes steam at you.
The ball of steam hits you!
* * * LOW HITPOINT WARNING * * *
The steam dragon closely misses you. You block the steam dragon's attack.
The steam dragon attacks as you move away!
You block the steam dragon's attack. The steam dragon claws you.
* * * LOW HITPOINT WARNING * * *
The steam dragon bites you.
You die...

#......########
#.....).......#
#.......(.....#
####.............#
#................#
#.................
#§§§).............
#D..####..........
#@§.####..........
#.§.).............
#.§......#######..
#§.§.....# #..
#........# #..
##.......#
#########


You could see a steam dragon (catching breath).

Vanquished Creatures
  Grinder (D:6)
  2 wyverns
  Menkaure (D:6)
  An orc warrior (D:6)
  2 ice beasts
  A sky beast (D:6)
  A black bear (D:5)
  2 ogres (D:6)
  A kobold brigand (D:7)
  A bullfrog (D:5)
  A howler monkey (D:5)
  A gnoll bouda (D:4)
  4 orc priests
  2 hounds
  2 jellies (D:5)
  Ijyb (D:3)
  3 iguanas
  6 orc wizards
  3 gnolls (D:4)
  3 adders
  A white imp (D:6)
  A worm (D:2)
  3 dart slugs
  23 orcs
  6 bats
  7 endoplasms
  3 giant cockroaches
  9 goblins
  7 hobgoblins
  12 kobolds
  7 quokkas
  9 ball pythons
  7 frilled lizards
  5 rats
139 creatures vanquished.

Vanquished Creatures (others)
  A white imp (D:7)
1 creature vanquished.

Grand Total: 140 creatures vanquished

Notes
Turn   | Place    | Note
-------+----------+-------------------------------------------
     0 | D:1      | Fartwhistle the Draconian Transmuter began the quest for
                  | the Orb.
     0 | D:1      | Reached XP level 1. HP: 16/16 MP: 3/3
     0 | D:1      | Noticed a spriggan
     1 | D:1      | Noticed a felid
     9 | D:1      | Noticed a merfolk
    17 | D:1      | Noticed a demigod
    17 | D:1      | Noticed a dwarf
    21 | D:1      | Noticed a demigod
   139 | D:1      | Reached XP level 2. HP: 12/23 MP: 3/5
   637 | D:1      | Reached skill level 3 in Transmutations
   803 | D:1      | Reached XP level 3. HP: 25/28 MP: 6/6
   806 | D:1      | Learned a level 2 spell: Wereblood
   810 | D:1      | Learned a level 3 spell: Spider Form
  1021 | D:2      | Noticed Sigmund
  1106 | D:2      | Found a faded altar of an unknown god.
  1503 | D:3      | Found an iron altar of Okawaru.
  1556 | D:3      | Noticed Ijyb
  1571 | D:3      | HP: 1/28 [orc/+0 mace (1)]
  1602 | D:3      | Killed Ijyb
  1603 | D:3      | Reached skill level 1 in Poison Magic
  1603 | D:3      | Reached XP level 4. HP: 7/35 MP: 6/8
  2138 | D:3      | Reached skill level 4 in Transmutations
  2750 | D:4      | Reached XP level 5. HP: 38/40 MP: 5/9
  2859 | D:4      | Identified the +2 leather armour of Feupp {Int+5 Dex+5}
  2953 | D:4      | Reached skill level 5 in Transmutations
  2960 | D:4      | Learned a level 4 spell: Ice Form
  3180 | D:4      | Reached XP level 6. HP: 45/47 MP: 11/11
  3508 | D:5      | Entered Level 5 of the Dungeon
  3526 | D:5      | Found a broken altar of Ashenzari.
  3628 | D:5      | Noticed a wyvern
  3643 | D:5      | Killed a wyvern
  3649 | D:5      | Your scales start taking on a rich purple colour.
  3649 | D:5      | Reached XP level 7. HP: 37/56 MP: 8/14
  3713 | D:5      | Reached skill level 6 in Transmutations
  4057 | D:5      | Found a staircase to the Ecumenical Temple.
  4110 | Temple   | Entered the Ecumenical Temple
  4329 | Temple   | Became a worshipper of Cheibriados the Contemplative
  4379 | D:5      | Found a shimmering blue altar of Sif Muna.
  4529 | D:5      | Reached skill level 5 in Spellcasting
  4591 | D:6      | Reached skill level 1 in Shields
  4801 | D:6      | Noticed Menkaure
  4934 | D:6      | Reached XP level 8. HP: 33/64 MP: 10/16
  4972 | D:6      | Reached * piety under Cheibriados
  4973 | D:6      | Reached skill level 7 in Transmutations
  4973 | D:6      | Reached skill level 1 in Ice Magic
  5377 | D:6      | Killed Menkaure
  5378 | D:6      | Reached skill level 1 in Invocations
  5572 | D:6      | Noticed Grinder
  5593 | D:6      | Killed Grinder
  6007 | D:7      | Reached XP level 9. HP: 63/71 MP: 14/17
  6018 | D:7      | Learned a level 3 spell: Mephitic Cloud
  6091 | D:7      | Reached skill level 5 in Unarmed Combat
  6100 | D:7      | HP: 3/71 [steam dragon/ball of steam (14)]
  6102 | D:7      | Slain by a steam dragon

Illustrated notes

Levels and vault maps discovered:
D:1:      shiori_arrival_whats_in_store_for_you, layout_basic
D:2:      layout_basic, ebering_ecumenical_altar_ruins, uniq_sigmund
D:3:      layout_basic, okawaru_gym_becter, uniq_ijyb
D:4:      layout_rooms, nicolae_concentric_dashed_squares_wild
D:5:      layout_basic, mainiacjoe_overflow_concentric_impassable,
          mainiacjoe_overflow_six_doors_small, minmay_temple_entry_hall
D:6:      layout_cave_pools, uniq_menkaure, uniq_grinder
D:7:      kennysheep_slugbush, layout_basic
Temple:   eino_narrow_crystal_temple

Skill      XL: |  1  2  3  4  5  6  7  8  9 |
---------------+----------------------------+-----
Transmutations | 3 4 5 6 7 |  7.4
Poison Magic   | 1 2 |  2.3
Spellcasting   | 3 4 5 |  5.9
Fighting       | 2 3 4 |  4.2
Shields        | 1 2 |  2.0
Ice Magic      | 2 |  2.0
Invocations    | 3 4 |  4.1
Unarmed Combat | 4 5 |  5.1
Dodging        | |  1.7

Action                     |  1- 3 |  4- 6 |  7- 9 || total
---------------------------+-------+-------+-------++-------
  Melee: Unarmed           |   182 |   180 |   196 ||   558
         Tailslap          |    27 |     6 |     3 ||    36
         Kick              |     9 |       |       ||     9
         Punch             |     5 |     4 |     2 ||    11
         Headbutt          |     3 |     2 |       ||     5
   Cast: Beastly Appendage |     6 |     2 |       ||     8
         Wereblood         |     1 |     2 |     2 ||     5
         Spider Form       |       |     7 |     7 ||    14
         Ice Form          |       |       |    11 ||    11
         Mephitic Cloud    |       |       |     1 ||     1
Ability: Breathe Dispellin |       |       |     1 ||     1
  Evoke: Wand              |       |       |     2 ||     2
    Use: Potion            |     3 |     1 |     5 ||     9
         Scroll            |       |       |     6 ||     6
   Stab: Sleeping          |       |       |     1 ||     1
 Armour: Skin              |    66 |    44 |    99 ||   209
  Dodge: Dodged            |    90 |   122 |    99 ||   311
  Block: Other             |    27 |    30 |    41 ||    98
         Reflection        |       |     3 |     1 ||     4
         Buckler           |       |       |     2 ||     2
